 Dungeon Crawl Stone Soup version 0.31-a0-210-gccc998df9b (webtiles) character file.

Game seed: 15309735220494095123

206 Dittersdorf the Covered (level 5, 0/34 HPs)
             Began as a Gargoyle Fighter on June 29, 2023.
             Slain by Duvessa
             ... wielding a +0 short sword
              (5 damage)
             ... on level 4 of the Dungeon.
             The game lasted 00:03:44 (2480 turns).

Dittersdorf the Covered (Gargoyle Fighter)          Turns: 2480, Time: 00:03:45

Health: 0/34       AC: 12    Str: 21    XL:     5   Next: 84%
Magic:  5/5        EV:  9    Int:  9    God:
Gold:   182        SH:  4    Dex:  9    Spells: 4/4 levels left

rFire   . . .        a - +1 flail
rCold   . . .        c - +0 buckler
rNeg    + . .        b - +0 scale mail
rPois   ∞            j - +0 helmet
rElec   +            (no cloak)
rCorr   .            (no gloves)
SInv    .            (no boots)
Will    +....        (no amulet) Stlth
                     f - ring of willpower
HPRegen 0.25/turn    (no ring)
MPRegen 0.09/turn

%: no passive effects
@: no status effects
A: sickness immunity, AC +4, negative energy resistance 1, electricity
resistance, torment resistance 1, petrification resistance
a: no special abilities


You were on level 4 of the Dungeon.
You visited 1 branch of the dungeon, and saw 4 of its levels.

You collected 182 gold pieces.

Inventory:

Hand Weapons
 a - a +1 flail (weapon)
Missiles
 i - 2 poisoned darts (quivered)
Armour
 b - a +0 scale mail (worn)
 c - a +0 buckler (worn)
 j - a +0 helmet (worn)
Jewellery
 f - a ring of willpower (left hand)
 n - the ring of Entrepreneurial Spirit {rF+ rN+ Will- Int+6}
   (You found it on level 3 of the Dungeon)

   [ring of intelligence]

   Int:       It affects your intelligence (+6).
   rF:        It protects you from fire.
   rN:        It protects you from negative energy.
   Will:      It decreases your willpower.
 o - a ring of flight
Wands
 r - a wand of light (8)
Scrolls
 e - a scroll of summoning {unknown}
Potions
 d - 2 potions of might
 g - a potion of resistance {unknown}
 h - 3 potions of enlightenment {unknown}
 k - a potion of haste {unknown}
 l - a potion of heal wounds {unknown}
 m - 2 potions of brilliance {unknown}


   Skills:
 + Level 4.4 Fighting
 + Level 3.3 Maces & Flails
 + Level 4.5 Armour
 + Level 4.3 Shields


You had 4 spell levels left.
You didn't know any spells.
Your spell library contained the following spells:

 Spells                   Type           Power      Damage    Failure   Level
 Blink                    Tloc           0%         N/A       89%         2
 Lesser Beckoning         Tloc           0%         N/A       89%         2
 Momentum Strike          Conj/Tloc      0%         3d8       89%         2


Dungeon Overview and Level Annotations

Branches:
Dungeon (4/15)
 Temple: D:4-7

Altars:
Hepliaklqana
Wu Jian

Annotations:
D:3 1 runed translucent door, Crazy Yiuf
D:4 Dowan, Duvessa, Grinder


Innate Abilities, Weirdness & Mutations

You are immune to sickness and miasma.
Your stone body is resilient. (AC +4)
You are immune to poison.
You resist negative energy. (rN+)
You are resistant to electric shocks. (rElec)
You are resistant to unholy torment.
You are immune to petrification.


Message History

You are too injured to fight recklessly!
You are too injured to fight recklessly!
You are too injured to fight recklessly!
You are too injured to fight recklessly!
You are too injured to fight recklessly!
You block Duvessa's attack. Dowan hits you but does no damage.
Dowan hits you but does no damage. Duvessa attacks as you move away!
Duvessa hits you but does no damage. Dowan attacks as you move away!
Dowan barely misses you. Duvessa barely misses you.
Dowan gestures wildly while chanting.
Dowan blinks!
Duvessa attacks as you move away! You block Duvessa's attack.
Duvessa misses you.
Throw: 4 darts (poison)
Press: ? - help, Q - select action, (/) - cycle Shift-Dir - straight line, f - Duvessa
Aim: Duvessa, wielding a +0 short sword and wearing a +0 leather armour (heavily wounded, fast, 60% to hit)
You throw a poisoned dart. The poisoned dart hits Duvessa.
Duvessa is heavily wounded.
Duvessa hits you with a +0 short sword. x2
Throw: 3 darts (poison)
Press: ? - help, Q - select action, (/) - cycle Shift-Dir - straight line, f/p - Duvessa
Aim: Duvessa, wielding a +0 short sword and wearing a +0 leather armour (heavily wounded, fast, 60% to hit)
You throw a poisoned dart. The poisoned dart hits Duvessa.
Duvessa is poisoned.
Duvessa is heavily wounded.
Duvessa hits you but does no damage.
You hit Duvessa.
Duvessa is heavily wounded.
You block Duvessa's attack. Duvessa barely misses you.
You hit Duvessa.
Duvessa is heavily wounded.
Duvessa gestures with her weapon.
Duvessa hits you but does no damage. Duvessa hits you with a +0 short sword.
* * * LOW HITPOINT WARNING * * *
You hit Duvessa but do no damage.
Duvessa is heavily wounded.
Duvessa hits you with a +0 short sword.
* * * LOW HITPOINT WARNING * * *
Grinder blinks!
Duvessa hits you with a +0 short sword.
You die...

##+## #.# #.* #.# **
####.*### #.# ,*
#.......# #.# ,*
#.#...#.# #.# ,**
*.[..,..# #.# ,,*
*,#..,#.# #.#
,,*###.##.##e######.#
,,,...........§e@5..#
,**###.......########
** #########


You could see Grinder, Duvessa (fast, poisoned) and Dowan.

Vanquished Creatures
  A scorpion (D:4)
  Robin (D:4)
  4 adders
  5 worms
  2 dart slugs
  6 endoplasms
  2 giant cockroaches
  9 goblins
  12 hobgoblins
  4 jackals (D:3)
  7 kobolds
  9 ball pythons
  8 bats
  6 frilled lizards
  7 rats
83 creatures vanquished.

Notes
Turn   | Place    | Note
-------+----------+-------------------------------------------
     0 | D:1      | Dittersdorf the Gargoyle Fighter began the quest for the
                  | Orb.
     0 | D:1      | Reached XP level 1. HP: 14/14 MP: 1/1
    14 | D:1      | Found a faded altar of an unknown god.
    14 | D:1      | Noticed a great orb of eyes
    17 | D:1      | Noticed a great orb of eyes
    17 | D:1      | Noticed a great orb of eyes
    17 | D:1      | Noticed a floating eye
   123 | D:1      | Reached XP level 2. HP: 18/19 MP: 2/2
   424 | D:1      | Reached XP level 3. HP: 23/23 MP: 3/3
   827 | D:2      | Found an ornate altar of the Wu Jian Council.
  1070 | D:3      | Reached XP level 4. HP: 29/29 MP: 4/4
  1160 | D:3      | Identified the ring of Entrepreneurial Spirit {rF+ rN+
                  | Will- Int+6}
  1559 | D:3      | Found a hazy altar of Hepliaklqana.
  1713 | D:3      | Found a runed translucent door.
  1714 | D:3      | Noticed Crazy Yiuf
  1941 | D:4      | Noticed a scorpion
  1952 | D:4      | Killed a scorpion
  1953 | D:4      | Reached XP level 5. HP: 28/33 MP: 5/5
  2186 | D:4      | Noticed Robin
  2194 | D:4      | Killed Robin
  2462 | D:4      | Noticed Grinder
  2464 | D:4      | Noticed Duvessa
  2464 | D:4      | Noticed Dowan
  2480 | D:4      | Slain by Duvessa

Illustrated notes

Levels and vault maps discovered:
D:1:      roderic_chinese_lattice_arrival, layout_loops_ring,
          hellmonk_ecumenical_altar_watching_god
D:2:      layout_rooms, basic_altar
D:3:      layout_basic, lemuel_tele_altar, corexii_shack,
          uniq_crazy_yiuf_cottage
D:4:      layout_loops_corners, lemuel_zombie_altar_yredelemnul, uniq_robin,
          uniq_grinder, uniq_duvessa

Skill      XL: |  1  2  3  4 |
---------------+-------------+-----
Armour         | 4 |  4.5
Fighting       | 4 |  4.4
Maces & Flails | 3 |  3.3
Shields        | 4 |  4.3

Action                     |  1- 3 |  4- 6 || total
---------------------------+-------+-------++-------
  Melee: Flail             |   122 |   134 ||   256
  Throw: Dart              |       |     2 ||     2
    Use: Scroll            |       |     7 ||     7
 Armour: Scale mail        |    73 |    79 ||   152
  Dodge: Dodged            |    69 |    78 ||   147
  Block: Buckler           |    31 |    31 ||    62

Table legend: (Time is in decaauts)
 A = Elapsed time spent in this place.
 B = Non-inter-level travel time spent in this place.
 C = Inter-level travel time spent in this place.
 D = Time resting spent in this place.
 E = Time spent auto-exploring this place.
 F = Levels seen in this place.
 G = Mean time per level.
                   A        B        C        D        E       F      G
               +--------+--------+--------+--------+--------+-----+--------+
         Total |   2557 |   2432 |    125 |    177 |   1496 |   4 |  639.2 |
       Dungeon |   2557 |   2432 |    125 |    177 |   1496 |   4 |  639.2 |
               +--------+--------+--------+--------+--------+-----+--------+

Top non-repeatable levels by time:
     D:3: 943 daAuts
     D:1: 616 daAuts
     D:4: 597 daAuts
     D:2: 400 daAuts
